 Dungeon Crawl Stone Soup version 0.28.0 (console) character file.

Game seed: 12106088661042579551

29 Garrluk the Magician (level 3, 0/20 HPs)
             Began as a Deep Elf Transmuter on Feb 12, 2022.
             Slain by an adder (4 damage)
             ... on level 2 of the Dungeon.
             The game lasted 00:03:42 (602 turns).

Garrluk the Magician (Deep Elf Transmuter)           Turns: 602, Time: 00:03:43

Health: 0/20       AC:  2    Str:  7    XL:     3   Next: 1%
Magic:  8/11       EV: 12    Int: 19    God:
Gold:   63         SH:  0    Dex: 15    Spells: 8/11 levels left

rFire   . . .      SeeInvis .     - Unarmed
rCold   . . .      Faith    .   (no shield)
rNeg    . . .      Spirit   .   a - +0 robe
rPois   .          Reflect  .   (helmet currently unavailable)
rElec   .          Harm     .   (no cloak)
rCorr   .          Rampage  .   (no gloves)
Will    .....                   (boots currently unavailable)
Stlth   +.........              (no amulet)
HPRegen 0.06/turn               (no ring)
MPRegen 0.12/turn               (no ring)

@: appendages, wereblooded
A: horns 2, talons 2
a: End Transformation


You were on level 2 of the Dungeon.
You had temporarily grown beastly horns and talons.
You visited 1 branch of the dungeon, and saw 2 of its levels.

You collected 63 gold pieces.

Inventory:

Armour
 a - a +0 robe (worn)
Scrolls
 b - a scroll of enchant armour {unknown}
 c - a scroll of magic mapping {unknown}
 d - a scroll of noise {unknown}
 g - a scroll of summoning {unknown}
Potions
 e - a potion of might {unknown}
 f - a potion of attraction {unknown}


   Skills:
 - Level 0.7 Fighting
 - Level 2.4 Dodging
 - Level 2.4 Unarmed Combat
 * Level 4.9 Spellcasting
 - Level 2.1 Transmutations


You had 8 spell levels left.
You knew the following spells:

 Your Spells              Type           Power      Damage    Failure   Level
a - Beastly Appendage     Tmut           26%        N/A       4%          1
b - Wereblood             Tmut           13%        N/A       8%          2

Your spell library contained the following spells:

 Spells                   Type           Power      Damage    Failure   Level
 Animate Skeleton         Necr           8%         N/A       13%         1
 Apportation              Tloc           8%         N/A       13%         1
 Summon Small Mammal      Summ           16%        N/A       13%         1
 Spider Form              Tmut/Pois      8%         N/A       24%         3
 Ice Form                 Ice/Tmut       8%         N/A       61%         4


Dungeon Overview and Level Annotations

Branches:
Dungeon (2/15)

Altars:


Innate Abilities, Weirdness & Mutations

You have temporarily grown beastly horns and talons.


Message History

Your horns disappear.
Your talons disappear.
Found a book of Cantrips.
You pick up a book of Cantrips and begin reading...
You add the spells Animate Skeleton, Summon Small Mammal and Apportation to your library.
There are no items here.
Found a stone staircase leading up.
There is a stone staircase leading up here.
Found 22 arrows.
Found a robe.
Found a stone staircase leading down.
You see here a +0 robe.
An adder comes into view.
The adder hisses angrily.
A hobgoblin comes into view.
The hobgoblin shouts!
The adder bites you.
You are poisoned.
The adder poisons you!
You feel sick. The adder closely misses you. The adder bites you.
The hobgoblin barely misses you.
You feel sick. The adder barely misses you.
The hobgoblin completely misses you.
You feel sick.
Casting: Beastly Appendage (safe; 4% risk of failure)
Confirm with . or Enter, or press ? or * to list all spells.
Your blood is infused with primal strength.
You feel sick. The adder bites you.
* * * LOW HITPOINT WARNING * * *
The hobgoblin barely misses you. The adder barely misses you.
You feel sick.
You are no longer poisoned.
Casting: Wereblood (safe; 8% risk of failure)
Confirm with . or Enter, or press ? or * to list all spells.
You grow a pair of large bovine horns.
Your feet morph into talons.
The adder bites you.
* * * LOW HITPOINT WARNING * * *
You hit the adder but do no damage. You claw the adder, but do no damage.
The adder bites you but does no damage.
You miss the adder. Your kick misses the adder. The adder closely misses you.
The adder completely misses you.
You hit the adder. Your kick misses the adder.
You headbutt the adder, but do no damage.
The adder is lightly wounded.
The adder bites you.
You die...

###### ####.....
........#########
........##......#
........##......# ##
........##......# ####.
........gS@...### #....
.####....###.[..#######.###
#..### ###............. ##.
######.#.......... ..
...........######## ...
.######.(..# #### #..###
#.## ..>. ###. .


You could see an adder and a hobgoblin.

Vanquished Creatures
  A dart slug (D:1)
  3 ball pythons (D:1)
  7 endoplasms (D:1)
  A giant cockroach (D:1)
  A goblin (D:1)
  A hobgoblin (D:1)
  2 jackals (D:1)
  A bat (D:1)
  2 frilled lizards (D:1)
  3 kobolds
  2 rats
24 creatures vanquished.

Notes
Turn   | Place    | Note
-------+----------+-------------------------------------------
     0 | D:1      | Garrluk the Deep Elf Transmuter began the quest for the
                  | Orb.
     0 | D:1      | Reached XP level 1. HP: 11/11 MP: 6/6
   127 | D:1      | Reached skill level 4 in Spellcasting
   127 | D:1      | Reached XP level 2. HP: 9/16 MP: 9/9
   202 | D:1      | Learned a level 2 spell: Wereblood
   514 | D:1      | You fall into a shaft and drop 1 floor!
   518 | D:2      | Reached XP level 3. HP: 19/20 MP: 8/11
   602 | D:2      | Slain by an adder

Illustrated notes

Levels and vault maps discovered:
D:1:      dpeg_arrival_more_subterranean_lakeside_camping, layout_basic,
          serial_rivers, chequers_serial_rivers_room_b,
          chequers_serial_rivers_micro_b, chequers_serial_rivers_small_a,
          chequers_serial_rivers_small_3, chequers_serial_rivers_small_3,
          chequers_serial_rivers_room_b, minmay_misc_feat_rows
D:2:      layout_rooms

Skill      XL: |  1 |
---------------+----+-----
Spellcasting   | 4 |  4.9
Fighting       | |  0.7
Dodging        | |  2.4
Unarmed Combat | |  2.4
Transmutations | |  2.1

Action                   || total
-------------------------++-------
Melee: Unarmed           ||    65
       Kick              ||    16
       Headbutt          ||    10
       Punch             ||     2
 Cast: Beastly Appendage ||    12
       Wereblood         ||     5
Armor: Robe              ||    12
Dodge: Dodged            ||    44
